 Dungeon Crawl Stone Soup version 0.31-a0-981-geadf994542 (webtiles) character file.

Game seed: 13519322189143120336

287 Tyrantos the Slasher (level 6, 0/50 HPs)
             Began as a Demonspawn Gladiator on Oct 31, 2023.
             Slain by a gnoll
             ... wielding a +0 flail
             ... led by a gnoll bouda
              (8 damage)
             ... on level 4 of the Dungeon.
             The game lasted 00:06:21 (2842 turns).

Tyrantos the Slasher (Demonspawn Gladiator)         Turns: 2842, Time: 00:06:21

Health: 0/50       AC: 16    Str: 15 (16) XL:     6   Next: 8%
Magic:  6/6        EV:  5    Int:  9      God:
Gold:   155        SH:  0    Dex: 14 (15) Spells: 5/5 levels left

rFire   . . .        a - +1 long sword (heavy)
rCold   x . .        (no shield)
rNeg    . . .        i - +0 plate armour
rPois   .            c - +0 helmet
rElec   .            (no cloak)
rCorr   .            (no gloves)
SInv    .            l - +0 pair of boots
Will    .....        (no amulet) Stlth
                     (no ring)
HPRegen 0.28/turn    (no ring)
MPRegen 0.10/turn

%: no passive effects
@: hasted, very quick
A: hooves 2, icy blue scales 1, powered by pain 1, robust 1, shaggy fur 1, cold
vulnerability 1
a: no special abilities


You were on level 4 of the Dungeon.
You visited 1 branch of the dungeon, and saw 5 of its levels.

You collected 155 gold pieces.

Inventory:

Hand Weapons
 a - a +1 heavy long sword (weapon)
Missiles
 d - 5 throwing nets (quivered)
 e - a javelin
Armour
 b - a +0 leather armour
 c - a +0 helmet (worn)
 i - a +0 plate armour (worn)
 l - a +0 pair of boots (worn)
Talismans
 q - a blade talisman
Wands
 o - a wand of quicksilver (7)
 p - a wand of digging (9)
Scrolls
 n - 2 scrolls of teleportation
Potions
 h - a potion of invisibility
 j - a potion of magic
 k - a potion of berserk rage
 m - a potion of cancellation


   Skills:
 + Level 2.7 Fighting
 + Level 4.5 Long Blades
 + Level 2.1 Throwing
 * Level 2.7 Armour
 + Level 3.2 Dodging


You had 5 spell levels left.
You didn't know any spells.
Your spell library contained the following spells:

 Spells                   Type           Power      Damage    Failure   Level
 Ozocubu's Armour         Ice            0%         N/A       100%        3
 Ozocubu's Refrigeration  Ice            0%         4d7       100%        7


Dungeon Overview and Level Annotations

Branches:
Dungeon (5/15)
 Temple: D:4-7

Altars:


Innate Abilities, Weirdness & Mutations

You have hoof-like feet.
You are partially covered in icy blue scales. (AC +2)
You sometimes gain a little power by taking damage.
You are robust. (+10% HP)
You are covered in fur. (AC +1)
You are vulnerable to cold. (rC-)


Message History

The gnoll hits you but does no damage. The gnoll barely misses you.
The gnoll bouda gazes fiercely through you!
You feel your attacks grow feeble. The gnoll bouda barely misses you.
The gnoll barely misses you.
The gnoll hits you from afar with a +0 spear.
The gnoll completely misses you. The gnoll hits you with a +0 whip.
The gnoll barely misses you. The gnoll hits you but does no damage.
The gnoll bouda hits you with a +0 club!
* * * LOW HITPOINT WARNING * * *
The gnoll hits you but does no damage.
You climb upwards.
There is a stone staircase leading down here.
You feel yourself speed up.
The gnoll hits you but does no damage. x2
You slash the gnoll!
The gnoll is heavily wounded.
The gnoll completely misses you. The gnoll hits you but does no damage.
You slash the gnoll!
You kill the gnoll!
The gnoll hits you but does no damage.
You feel your intelligence returning.
You closely miss the gnoll bouda.
The gnoll bouda is severely wounded.
The gnoll hits you but does no damage. The gnoll bouda barely misses you.
The gnoll barely misses you. The gnoll hits you with a +0 flail.
The gnoll bouda mumbles some strange prayers to its god.
The gnoll bouda is healed somewhat.
You slash the gnoll bouda!
You kill the gnoll bouda!
Your attacks no longer feel as feeble.
The gnoll hits you with a +0 flail!
* * * LOW HITPOINT WARNING * * *
The gnoll hits you but does no damage.
You have reached level 6!
Your demonic ancestry asserts itself...
You feel energised by your suffering.
You hit the gnoll.
The gnoll is moderately wounded.
The gnoll hits you with a +0 flail!
You die...

#.# ####.##...# #.#
#.##...######## #.#
#.###.##....... #.#####
##.##.รท##.###### #.....#
##.#..#.##.# #####.#
#.###......# #.#
##.#.#.#####
#.#########.##.#
#......g@#####.##########
########)g...............
######............
#...######### #####


You could see 2 gnolls.

Vanquished Creatures
  2 jellies (D:4)
  A hound (D:5)
  A gnoll bouda (D:4)
  An iguana (D:4)
  A gnoll (D:4)
  4 adders
  2 worms (D:2)
  3 dart slugs
  5 orcs
  8 ball pythons
  6 bats
  12 endoplasms
  2 giant cockroaches
  5 goblins
  10 hobgoblins
  5 kobolds
  5 quokkas
  3 frilled lizards
  4 rats (D:1)
80 creatures vanquished.

Notes
Turn   | Place    | Note
-------+----------+-------------------------------------------
     0 | D:1      | Tyrantos the Demonspawn Gladiator began the quest for the
                  | Orb.
     0 | D:1      | Reached XP level 1. HP: 16/16 MP: 1/1
    55 | D:1      | Gained mutation: You are partially covered in icy blue
                  | scales. (AC +2) [demonic ancestry]
    55 | D:1      | Reached XP level 2. HP: 16/22 MP: 2/2
    67 | D:1      | Reached skill level 3 in Long Blades
   600 | D:2      | Gained mutation: You have large cloven feet. [demonic
                  | ancestry]
   600 | D:2      | Reached XP level 3. HP: 27/27 MP: 3/3
  1117 | D:2      | Reached skill level 1 in Armour
  1138 | D:2      | Reached XP level 4. HP: 22/34 MP: 4/4
  1296 | D:2      | Identified the +8 dagger of the Feeding Weasel {heavy,
                  | rPois Str+5}
  2366 | D:4      | Gained mutation: You have hoof-like feet. [demonic
                  | ancestry]
  2366 | D:4      | Reached XP level 5. HP: 31/39 MP: 5/5
  2493 | D:4      | Reached skill level 4 in Long Blades
  2557 | D:4      | Identified the maw talisman of Okawaru's Displeasure
                  | {Int+4}
  2671 | D:4      | Gained mutation: You are robust. (+10% HP) [potion of
                  | mutation]
  2671 | D:4      | Gained mutation: You are vulnerable to cold. (rC-) [potion
                  | of mutation]
  2671 | D:4      | Gained mutation: You are covered in fur. (AC +1) [potion of
                  | mutation]
  2831 | D:5      | Entered Level 5 of the Dungeon
  2842 | D:4      | Gained mutation: You sometimes gain a little power by
                  | taking damage. [demonic ancestry]
  2842 | D:4      | Reached XP level 6. HP: 8/50 MP: 6/6
  2842 | D:4      | Slain by a gnoll

Illustrated notes

Levels and vault maps discovered:
D:1:      sevenhm_arrival_forest_fort_small_5, layout_rooms,
          wad_floor_pattern_untrapped, st_stairs_12, minmay_door_square,
          chequers_serial_rivers_small_b
D:2:      minmay_door_path, layout_basic
D:3:      layout_loops_cross
D:4:      layout_loops_ring
D:5:      layout_layer_cave

Skill      XL: |  1  2  3  4  5 |
---------------+----------------+-----
Long Blades    | 3 4 |  4.5
Dodging        | 3 |  3.2
Throwing       | 2 |  2.1
Armour         | 1 2 |  2.7
Fighting       | |  2.7

Action                     |  1- 3 |  4- 6 || total
---------------------------+-------+-------++-------
  Melee: Long sword        |    95 |    71 ||   166
         Kick              |     7 |       ||     7
    Use: Scroll            |     7 |     7 ||    14
         Potion            |       |     3 ||     3
 Armour: Leather armour    |    21 |       ||    21
         Plate armour      |    31 |    93 ||   124
  Dodge: Dodged            |    53 |    33 ||    86

Table legend: (Time is in decaauts)
 A = Elapsed time spent in this place.
 B = Non-inter-level travel time spent in this place.
 C = Inter-level travel time spent in this place.
 D = Time resting spent in this place.
 E = Time spent auto-exploring this place.
 F = Levels seen in this place.
 G = Mean time per level.
                   A        B        C        D        E       F      G
               +--------+--------+--------+--------+--------+-----+--------+
         Total |   2932 |   2684 |    248 |      0 |   2156 |   5 |  586.4 |
       Dungeon |   2932 |   2684 |    248 |      0 |   2156 |   5 |  586.4 |
               +--------+--------+--------+--------+--------+-----+--------+

Top non-repeatable levels by time:
     D:2: 897 daAuts
     D:3: 722 daAuts
     D:4: 696 daAuts
     D:1: 608 daAuts
     D:5: 7 daAuts
